 Dungeon Crawl Stone Soup version 0.30-b1-2-g02819fbbbe (webtiles) character file.

Game seed: 1298006917002564392

335 Echedenyan the Conjurer (level 6, -3/43 HPs)
             Began as a Human Conjurer on July 17, 2023.
             Slain by a black bear (4 damage)
             ... on level 4 of the Dungeon.
             The game lasted 00:17:35 (4191 turns).

Echedenyan the Conjurer (Human Conjurer)            Turns: 4191, Time: 00:17:36

Health: -3/43      AC:  4    Str: 10    XL:     6   Next: 84%
Magic:  11/11      EV: 12    Int: 20    God:
Gold:   182        SH:  0    Dex: 12    Spells: 10/11 levels left

rFire   + . .        v - +6 long sword of Delicate Prudence {flame, Str+3}
rCold   . . .        (no shield)
rNeg    . . .        o - +1 leather armour {rF+}
rPois   .            (no helmet)
rElec   .            (no cloak)
rCorr   .            (no gloves)
SInv    .            (no boots)
Will    .....        y - amulet of magic regeneration
Stlth   ++           (no ring)
HPRegen 0.27/turn    (no ring)
MPRegen 0.52/turn

%: no passive effects
@: no status effects
A: no striking features
a: no special abilities


You were on level 4 of the Dungeon.
You visited 1 branch of the dungeon, and saw 4 of its levels.

You collected 182 gold pieces.

Inventory:

Hand Weapons
 d - a +0 mace
 f - a +0 dagger
 j - a +0 whip
 l - a +0 spear
 m - a +1 whip of freezing
 v - the +6 long sword of Delicate Prudence (weapon) {flame, Str+3}
   (You found it on level 3 of the Dungeon)

   Str:       It affects your strength (+3).
Armour
 a - a +0 robe
 k - an orb of guile
 o - a +1 leather armour of fire resistance (worn)
Jewellery
 y - an amulet of magic regeneration (around neck)
Scrolls
 c - 3 scrolls of teleportation {unknown}
 e - 4 scrolls of identify {unknown}
 g - a scroll of enchant weapon {unknown}
 h - 2 scrolls of summoning {unknown}
 n - a scroll of brand weapon {unknown}
 r - a scroll of magic mapping {unknown}
 s - a scroll of fog {unknown}
 u - a scroll of blinking {unknown}
 w - a scroll of amnesia {unknown}
 x - a scroll of enchant armour {unknown}
Potions
 b - a potion of magic
 i - a potion of lignification
 p - a potion of invisibility {unknown}
 q - 3 potions of attraction {unknown}
 t - 2 potions of degeneration
 z - a potion of mutation {unknown}
 A - 2 potions of might


   Skills:
 + Level 1.2 Fighting
 + Level 0.3 Long Blades
 + Level 1.3 Maces & Flails
 + Level 2.0 Armour
 + Level 2.7 Dodging
 + Level 2.3 Stealth
 + Level 3.4 Spellcasting
 + Level 5.4 Conjurations


You had 10 spell levels left.
You knew the following spells:

 Your Spells              Type           Power      Damage    Failure   Level
a - Magic Dart            Conj           100%       1d8       1%          1

Your spell library contained the following spells:

 Spells                   Type           Power      Damage    Failure   Level
 Searing Ray              Conj           50%        2d6       2%          2
 Momentum Strike          Conj/Tloc      28%        3d8       9%          2
 Dazzling Flash           Conj/Hex       28%        N/A       17%         3
 Stone Arrow              Conj/Erth      28%        3d8       17%         3
 Sandblast                Erth           6%         2d5       19%         1
 Blink                    Tloc           6%         N/A       26%         2
 Lesser Beckoning         Tloc           6%         N/A       26%         2
 Passwall                 Tmut/Erth      2%         N/A       26%         2
 Ignite Poison            Fire/Tmut/Pois 3%         N/A       47%         3
 Portal Projectile        Hex/Tloc       6%         N/A       47%         3
 Tukima's Dance           Hex            3%         N/A       47%         3
 Fulminant Prism          Conj/Hex       7%         3d6       50%         4
 Iskenderun's Mystic Bla  Conj/Tloc      14%        2d5       50%         4
 Sticky Flame             Conj/Fire      14%        2d4       50%         4
 Blade Hands              Tmut           1%         N/A       99%         5
 Summon Forest            Summ/Tloc      1%         N/A       99%         5
 Summon Mana Viper        Hex/Summ       3%         N/A       99%         5
 Summon Cactus Giant      Summ           1%         N/A       100%        6
 Ignition                 Fire           1%         3d3       100%        8


Dungeon Overview and Level Annotations

Branches:
Dungeon (4/15)
 Temple: D:4-7

Altars:


Message History

The black bear claws you but does no damage. x2
You barely miss the black bear. The black bear bites you.
The black bear misses you. The black bear claws you.
You hit the black bear. You burn the black bear.
The black bear is lightly wounded.
The black bear barely misses you. The black bear claws you. x2
The black bear bites you. The black bear claws you.
The black bear closely misses you.
You hit the black bear. You burn the black bear.
The black bear is moderately wounded.
The black bear closely misses you. The black bear claws you. x2
You closely miss the black bear.
The black bear is moderately wounded.
The black bear bites you. The black bear claws you.
The black bear misses you. x2
The black bear claws you.
* * * LOW HITPOINT WARNING * * *
The black bear claws you.
* * * LOW HITPOINT WARNING * * *
You are too injured to fight recklessly!
Casting: Magic Dart (safe; 1% risk of failure)
Confirm with . or Enter, or press ? or * to list all spells.
Aiming: Magic Dart (safe; 1% risk of failure)
Press: ? - help, Shift-Dir - straight line, f/p - black bear
Aim: a black bear (moderately wounded, 100% to hit)
The magic dart hits the black bear.
The black bear is moderately wounded.
The black bear closely misses you.
The black bear claws you but does no damage.
The black bear claws you.
* * * LOW HITPOINT WARNING * * *
The black bear attacks as you move away!
The black bear bites you but does no damage.
The black bear claws you but does no damage.
The black bear claws you.
* * * LOW HITPOINT WARNING * * *
The black bear attacks as you move away!
The black bear bites you.
* * * LOW HITPOINT WARNING * * *
The black bear claws you.
You die...

#.# ### ## #.#
##.## .. #.#
####...#
##.#.###.......
.#.............
#.#.)...#.#.....
........##.##...#
##...#..###.###...
####@#.#...#
#.######
#..h##.....#
#....... #
###.........+#
########
##.#..r####..#..
#....g##.. .# ##
#..##K# KK .# ##.
###..#..# r# #
####..
........##.##
+.....
###......#†.####.
####..


You could see a black bear, a quokka, a goblin and a kobold.

Vanquished Creatures
  A phantom (D:4)
  A jelly (D:4)
  A hound (D:4)
  An iguana (D:4)
  An orc wizard (D:3)
  3 gnolls (D:2)
  4 adders
  A worm (D:2)
  6 orcs (D:3)
  5 endoplasms
  4 giant cockroaches
  7 goblins
  7 hobgoblins
  12 jackals
  3 kobolds
  A quokka (D:1)
  4 ball pythons
  7 bats
  A frilled lizard (D:2)
  6 rats
76 creatures vanquished.

Notes
Turn   | Place    | Note
-------+----------+-------------------------------------------
     0 | D:1      | Echedenyan the Human Conjurer began the quest for the Orb.
     0 | D:1      | Reached XP level 1. HP: 13/13 MP: 3/3
   577 | D:1      | Reached XP level 2. HP: 5/19 MP: 3/5
  1605 | D:2      | Reached XP level 3. HP: 25/25 MP: 6/6
  1821 | D:2      | Reached XP level 4. HP: 22/31 MP: 1/7
  2755 | D:3      | Reached skill level 1 in Armour
  2755 | D:3      | Reached XP level 5. HP: 36/36 MP: 2/8
  2834 | D:3      | Reached skill level 1 in Maces & Flails
  2949 | D:3      | Reached skill level 5 in Conjurations
  3394 | D:3      | Identified the +6 long sword of Delicate Prudence {flame,
                  | Str+3}
  3816 | D:4      | Noticed a phantom
  3830 | D:4      | Killed a phantom
  3831 | D:4      | Reached skill level 1 in Fighting
  3831 | D:4      | Reached XP level 6. HP: 33/43 MP: 0/10
  4172 | D:4      | Noticed a black bear
  4191 | D:4      | HP: 1/43 [black bear (3)]
  4191 | D:4      | Slain by a black bear

Illustrated notes

Levels and vault maps discovered:
D:1:      grunt_arrival_lava_bath, layout_basic, minmay_tripent
D:2:      layout_basic
D:3:      layout_rooms, kennysheep_path_1
D:4:      layout_loops_corners, minmay_close_crescents

Skill      XL: |  1  2  3  4  5  6 |
---------------+-------------------+-----
Armour         | 1 2 |  2.0
Maces & Flails | 1 |  1.3
Conjurations   | 5 |  5.4
Fighting       | 1 |  1.2
Spellcasting   | 3 |  3.4
Long Blades    | |  0.3
Dodging        | |  2.7
Stealth        | |  2.3

Action                     |  1- 3 |  4- 6 || total
---------------------------+-------+-------++-------
  Melee: Whip              |    45 |    35 ||    80
         Dagger            |     4 |       ||     4
         Punch             |     1 |     1 ||     2
         Long sword        |       |    10 ||    10
   Cast: Magic Dart        |    47 |   112 ||   159
    Use: Potion            |     4 |     1 ||     5
 Armour: Leather armour    |    12 |    19 ||    31
         Robe              |     1 |       ||     1
  Dodge: Dodged            |    43 |    31 ||    74
